TOP OF THE 1ST |
Los Angeles (NYP) Angels batting - Pitching for Aberdeen Ironbirds : RHP Jon Juarez
|
Pitching: RHP Jon Juarez
|
|
Batting: RHB Randy Grewe
|
0-0: Ball 1-0: Called Strike 1-1: Foul Ball, location: 2F 1-2: Ball 2-2: Fly out, F8 (Line Drive, 8RM, EV 95.0 MPH)
|
Batting: RHB Steve Hasson
|
0-0: Ball 1-0: Called Strike 1-1: Ball 2-1: Swinging Strike 2-2: Foul Ball, location: 2F 2-2: Foul Ball, location: 2F 2-2: Fly out, F9 (Flyball, 9LM, EV 95.6 MPH)
|
Batting: SHB Conor Davies
|
0-0: Swinging Strike 0-1: Ground out 4-3 (Groundball, 4, EV 85.0 MPH)
|
Top of the 1st over - 0 runs, 0 hits, 0 errors, 0 left on base; Los Angeles (NYP) 0 - Aberdeen 0 |
BOTTOM OF THE 1ST |
Aberdeen Ironbirds batting - Pitching for Los Angeles (NYP) Angels : RHP Bartholomeu Voivodic
|
Pitching: RHP Bartholomeu Voivodic
|
|
Batting: RHB Mario Luna
|
0-0: Foul Ball, location: 2F 0-1: Ball 1-1: Foul Ball, location: 2F 1-2: Foul Ball, location: 2F 1-2: Ball 2-2: Ball 3-2: Fly out, F8 (Flyball, 8RD, EV 109.4 MPH)
|
Batting: RHB Jordan Wallace
|
0-0: Called Strike 0-1: Ball 1-1: Ball 2-1: Reached on error, E5 (Line Drive, 5, EV 66.9 MPH)
|
Batting: LHB Tim Mulholland
|
0-0: Called Strike 0-1: Foul Ball, location: 2F 0-2: Ball 1-2: Fielders Choice at 2nd, 3-6 (Groundball, 13, EV 90.0 MPH)
|
Batting: RHB Kiyuu del Castillo
|
0-0: Called Strike Tim Mulholland is caught stealing 2nd base 2-4
|
Bottom of the 1st over - 0 runs, 0 hits, 1 error, 0 left on base; Los Angeles (NYP) 0 - Aberdeen 0 |
TOP OF THE 2ND |
Los Angeles (NYP) Angels batting - Pitching for Aberdeen Ironbirds : RHP Jon Juarez
|
Batting: RHB John Beddow
|
0-0: Ball 1-0: Called Strike 1-1: Foul Ball, location: 2F 1-2: Fly out, F9 (Flyball, 9S, EV 85.6 MPH)
|
Batting: RHB Tsega Haida
|
0-0: Called Strike 0-1: Ball 1-1: Ball 2-1: Foul Ball, location: 2F 2-2: Strikes out swinging
|
Batting: RHB Jason Habeck
|
0-0: Ball 1-0: Ground out 6-3 (Groundball, 6, EV 85.6 MPH)
|
Top of the 2nd over - 0 runs, 0 hits, 0 errors, 0 left on base; Los Angeles (NYP) 0 - Aberdeen 0 |
BOTTOM OF THE 2ND |
Aberdeen Ironbirds batting - Pitching for Los Angeles (NYP) Angels : RHP Bartholomeu Voivodic
|
Batting: RHB Kiyuu del Castillo
|
0-0: Ball 1-0: Called Strike 1-1: Swinging Strike 1-2: Ball 2-2: SOLO HOME RUN (Flyball, 78XD, EV 113.8 MPH), Distance : 428 ft
|
Batting: SHB Jorge Brito
|
0-0: Ball 1-0: Swinging Strike 1-1: Swinging Strike 1-2: Strikes out swinging
|
Batting: LHB David Best
|
0-0: Ball 1-0: Called Strike 1-1: Ball 2-1: Ground out 4-3 (Groundball, 34D, EV 96.3 MPH)
|
Batting: RHB Hunter Neumann
|
0-0: Ball 1-0: Foul Ball, location: 2F 1-1: Ball 2-1: Ball 3-1: SINGLE (Line Drive, 56D, EV 97.5 MPH)
|
Batting: RHB Lee Deason
|
0-0: Called Strike 0-1: Ball 1-1: Swinging Strike 1-2: Ball Passed Ball! Hunter Neumann to second 2-2: Ball 3-2: DOUBLE (Line Drive, 89M, EV 100.6 MPH) Hunter Neumann scores
|
Batting: SHB Hugo Moreno
|
0-0: Called Strike 0-1: DOUBLE (Line Drive, 7LM, EV 106.3 MPH) Lee Deason scores
|
Pinch Runner at 2nd Tyler Myatt:
|
|
Batting: RHB Mario Luna
|
0-0: Called Strike 0-1: Ball 1-1: Ball Wild Pitch! Tyler Myatt to third 2-1: Foul Ball, location: 2F 2-2: Strikes out looking
|
Bottom of the 2nd over - 3 runs, 4 hits, 0 errors, 1 left on base; Los Angeles (NYP) 0 - Aberdeen 3 |
TOP OF THE 3RD |
Los Angeles (NYP) Angels batting - Pitching for Aberdeen Ironbirds : RHP Jon Juarez
|
Now at C: Tyler Myatt
|
|
Batting: RHB Steve Hughey
|
0-0: Fly out, F9 (Flyball, 89M, EV 93.1 MPH)
|
Batting: RHB David Kunze
|
0-0: Swinging Strike 0-1: SINGLE (Line Drive, 9LS, EV 88.8 MPH)
|
Batting: RHB Zach Robbins
|
0-0: Ball 1-0: Foul Ball, location: 2F 1-1: Swinging Strike 1-2: Strikes out swinging
|
Batting: RHB Randy Grewe
|
0-0: Fly out, F9 (Flyball, 89M, EV 88.8 MPH)
|
Top of the 3rd over - 0 runs, 1 hit, 0 errors, 1 left on base; Los Angeles (NYP) 0 - Aberdeen 3 |
BOTTOM OF THE 3RD |
Aberdeen Ironbirds batting - Pitching for Los Angeles (NYP) Angels : RHP Bartholomeu Voivodic
|
Batting: RHB Jordan Wallace
|
0-0: Called Strike 0-1: Foul Ball, location: 2F 0-2: Foul Ball, location: 2F 0-2: Ball 1-2: Strikes out swinging
|
Batting: LHB Tim Mulholland
|
0-0: Ball 1-0: Foul Ball, location: 2F 1-1: Ball 2-1: Foul Ball, location: 2F 2-2: Foul Ball, location: 2F 2-2: Ground out 1-3 (Groundball, 25, EV 71.3 MPH)
|
Batting: RHB Kiyuu del Castillo
|
0-0: Ball 1-0: Foul Ball, location: 2F 1-1: Ball 2-1: Fly out, F6 (Popup, 6M, EV 53.1 MPH)
|
Bottom of the 3rd over - 0 runs, 0 hits, 0 errors, 0 left on base; Los Angeles (NYP) 0 - Aberdeen 3 |
TOP OF THE 4TH |
Los Angeles (NYP) Angels batting - Pitching for Aberdeen Ironbirds : RHP Jon Juarez
|
Batting: RHB Steve Hasson
|
0-0: Called Strike 0-1: Foul Ball, location: 2F 0-2: Ball 1-2: Strikes out looking
|
Batting: SHB Conor Davies
|
0-0: Foul Ball, location: 2F 0-1: Ball 1-1: Foul Ball, location: 2F 1-2: Ground out 6-3 (Groundball, 6, EV 80.6 MPH)
|
Batting: RHB John Beddow
|
0-0: Called Strike 0-1: Ball 1-1: Fly out, F9 (Flyball, 9, EV 83.1 MPH)
|
Top of the 4th over - 0 runs, 0 hits, 0 errors, 0 left on base; Los Angeles (NYP) 0 - Aberdeen 3 |
BOTTOM OF THE 4TH |
Aberdeen Ironbirds batting - Pitching for Los Angeles (NYP) Angels : RHP Bartholomeu Voivodic
|
Batting: SHB Jorge Brito
|
0-0: Ball 1-0: Called Strike 1-1: Ball 2-1: Ground out U3 (Groundball, 23, EV 88.8 MPH)
|
Batting: LHB David Best
|
0-0: Swinging Strike 0-1: Ball 1-1: Ball 2-1: Ball 3-1: Foul Ball, location: 2F 3-2: Base on Balls
|
Batting: RHB Hunter Neumann
|
0-0: Ball 1-0: Foul Ball, location: 2F 1-1: Fly out, F9 (Flyball, 9S, EV 95.6 MPH)
|
Pitching: RHP Pete Warren
|
|
Batting: RHB Lee Deason
|
0-0: Ball 1-0: Foul Ball, location: 2F 1-1: Fly out, F9 (Flyball, 9D, EV 103.8 MPH)
|
Bottom of the 4th over - 0 runs, 0 hits, 0 errors, 1 left on base; Los Angeles (NYP) 0 - Aberdeen 3 |
TOP OF THE 5TH |
Los Angeles (NYP) Angels batting - Pitching for Aberdeen Ironbirds : RHP Jon Juarez
|
Batting: RHB Tsega Haida
|
0-0: Swinging Strike 0-1: Hit by Pitch
|
Batting: RHB Jason Habeck
|
0-0: Ball Tsega Haida steals 2nd base 1-0: Ball 2-0: Ball Balk! Tsega Haida to third 3-0: Base on Balls
|
Batting: RHB Steve Hughey
|
0-0: Called Strike 0-1: Ball 1-1: Called Strike 1-2: Foul Ball, location: 2F 1-2: Ball 2-2: Foul Ball, location: 2F 2-2: Foul Ball, location: 2F 2-2: Ball 3-2: Foul Ball, location: 2F 3-2: Foul Ball, location: 2F 3-2: Foul Ball, location: 2F 3-2: Foul Ball, location: 2F 3-2: Ground out 5-3 (Groundball, 56, EV 86.9 MPH) Tsega Haida scores Jason Habeck to second
|
Batting: RHB David Kunze
|
0-0: Called Strike 0-1: Swinging Strike 0-2: Ball 1-2: Ball 2-2: Strikes out swinging
|
Batting: RHB Zach Robbins
|
0-0: Called Strike 0-1: Ball 1-1: Ball 2-1: Called Strike 2-2: Foul Ball, location: 2F 2-2: Foul Ball, location: 2F 2-2: Strikes out looking
|
Top of the 5th over - 1 run, 0 hits, 0 errors, 1 left on base; Los Angeles (NYP) 1 - Aberdeen 3 |
BOTTOM OF THE 5TH |
Aberdeen Ironbirds batting - Pitching for Los Angeles (NYP) Angels : RHP Pete Warren
|
Batting: SHB Tyler Myatt
|
0-0: Ball 1-0: Ball 2-0: SINGLE (Groundball, 6MS, EV 65.0 MPH) (infield hit)
|
Batting: RHB Mario Luna
|
0-0: Ball Tyler Myatt steals 2nd base 1-0: Called Strike Tyler Myatt steals 3rd base 1-1: Ball 2-1: Foul Ball, location: 2F 2-2: Ball Wild Pitch! Tyler Myatt scores 3-2: SINGLE (Groundball, 15S, EV 66.9 MPH) (infield hit)
|
Batting: RHB Jordan Wallace
|
0-0: Called Strike 0-1: Ball 1-1: Called Strike 1-2: Ball 2-2: Ball 3-2: Base on Balls Mario Luna to second
|
Batting: LHB Tim Mulholland
|
0-0: Ball 1-0: Ball 2-0: Foul Ball, location: 2F 2-1: Ball 3-1: Foul Ball, location: 2F 3-2: Hit by Pitch Mario Luna to third Jordan Wallace to second
|
Batting: RHB Kiyuu del Castillo
|
0-0: Called Strike 0-1: Foul Ball, location: 2F 0-2: Ball 1-2: Foul Ball, location: 2F 1-2: Strikes out swinging
|
Batting: SHB Jorge Brito
|
0-0: Called Strike 0-1: Ball 1-1: Swinging Strike 1-2: Strikes out swinging
|
Batting: LHB David Best
|
0-0: Ball 1-0: Foul Ball, location: 2F 1-1: Called Strike 1-2: Fly out, F7 (Flyball, 7LS, EV 87.5 MPH)
|
Bottom of the 5th over - 1 run, 2 hits, 0 errors, 3 left on base; Los Angeles (NYP) 1 - Aberdeen 4 |
TOP OF THE 6TH |
Los Angeles (NYP) Angels batting - Pitching for Aberdeen Ironbirds : RHP Jon Juarez
|
Batting: RHB Randy Grewe
|
0-0: Ball 1-0: Ground out 6-3 (Groundball, 6MS, EV 68.8 MPH)
|
Batting: RHB Steve Hasson
|
0-0: Ball 1-0: Foul Ball, location: 2F 1-1: Ground out 6-3 (Groundball, 6, EV 80.6 MPH)
|
Batting: SHB Conor Davies
|
0-0: Ball 1-0: Called Strike 1-1: Foul Ball, location: 2F 1-2: Fly out, F9 (Flyball, 9LD, EV 103.1 MPH)
|
Top of the 6th over - 0 runs, 0 hits, 0 errors, 0 left on base; Los Angeles (NYP) 1 - Aberdeen 4 |
BOTTOM OF THE 6TH |
Aberdeen Ironbirds batting - Pitching for Los Angeles (NYP) Angels : RHP Pete Warren
|
Batting: RHB Hunter Neumann
|
0-0: Swinging Strike 0-1: Swinging Strike 0-2: Ball 1-2: Foul Ball, location: 2F 1-2: Fly out, F4 (Popup, 4, EV 74.4 MPH)
|
Batting: RHB Lee Deason
|
0-0: Ball 1-0: Swinging Strike 1-1: DOUBLE (Groundball, 3L, EV 108.8 MPH)
|
Batting: SHB Tyler Myatt
|
0-0: Ball 1-0: Ball 2-0: Called Strike 2-1: Foul Ball, location: 2F 2-2: Ball 3-2: Foul Ball, location: 2F 3-2: Foul Ball, location: 2F 3-2: Base on Balls
|
Pitching: LHP Alex Pulido
|
|
Batting: RHB Mario Luna
|
0-0: Called Strike 0-1: Swinging Strike 0-2: Ball 1-2: Fly out, F9 (Flyball, 9LM, EV 87.5 MPH)
|
Batting: RHB Jordan Wallace
|
0-0: Ball 1-0: Ball 2-0: Ball 3-0: Foul Ball, location: 2F 3-1: Base on Balls Lee Deason to third Tyler Myatt to second
|
Batting: LHB Tim Mulholland
|
0-0: Ball 1-0: Called Strike 1-1: Called Strike 1-2: Fielders Choice at 2nd, 6-4 (Groundball, 6, EV 86.9 MPH)
|
Bottom of the 6th over - 0 runs, 1 hit, 0 errors, 3 left on base; Los Angeles (NYP) 1 - Aberdeen 4 |
TOP OF THE 7TH |
Los Angeles (NYP) Angels batting - Pitching for Aberdeen Ironbirds : RHP Jon Juarez
|
Batting: RHB John Beddow
|
0-0: Swinging Strike 0-1: Ball 1-1: Ball 2-1: Swinging Strike 2-2: Ball 3-2: Foul Ball, location: 2F 3-2: Ground out 6-3 (Groundball, 6, EV 100.6 MPH)
|
Pitching: LHP Randy Adams
|
|
Batting: RHB Tsega Haida
|
0-0: Foul Ball, location: 2F 0-1: SINGLE (Line Drive, 8LM, EV 93.1 MPH)
|
Batting: RHB Jason Habeck
|
0-0: DOUBLE (Flyball, 89XD, EV 104.4 MPH) Tsega Haida to third
|
Batting: RHB Steve Hughey
|
0-0: Called Strike 0-1: Foul Ball, location: 2F 0-2: Strikes out swinging
|
Batting: RHB David Kunze
|
0-0: Called Strike 0-1: Fly out, F8 (Flyball, 8LS, EV 73.1 MPH)
|
Top of the 7th over - 0 runs, 2 hits, 0 errors, 2 left on base; Los Angeles (NYP) 1 - Aberdeen 4 |
BOTTOM OF THE 7TH |
Aberdeen Ironbirds batting - Pitching for Los Angeles (NYP) Angels : LHP Alex Pulido
|
Batting: RHB Kiyuu del Castillo
|
0-0: Called Strike 0-1: Foul Ball, location: 2F 0-2: Ball 1-2: Ball 2-2: Fly out, F8 (Flyball, 89M, EV 91.3 MPH)
|
Batting: SHB Jorge Brito
|
0-0: Ball 1-0: SINGLE (Line Drive, 9S, EV 88.1 MPH)
|
Batting: LHB David Best
|
0-0: Called Strike 0-1: Fly out, F9 (Flyball, 89S, EV 86.3 MPH)
|
Batting: RHB Hunter Neumann
|
0-0: Fielders Choice at 2nd, 6-4 (Groundball, 6, EV 86.9 MPH)
|
Bottom of the 7th over - 0 runs, 1 hit, 0 errors, 1 left on base; Los Angeles (NYP) 1 - Aberdeen 4 |
TOP OF THE 8TH |
Los Angeles (NYP) Angels batting - Pitching for Aberdeen Ironbirds : LHP Randy Adams
|
Batting: RHB Zach Robbins
|
0-0: Ground out 5-3 (Groundball, 56, EV 88.1 MPH)
|
Batting: RHB Randy Grewe
|
0-0: Foul Ball, location: 2F 0-1: Foul Ball, location: 2F 0-2: Ground out 2-3 (Groundball, 2R, EV 64.4 MPH)
|
Batting: RHB Steve Hasson
|
0-0: Called Strike 0-1: Swinging Strike 0-2: Ball 1-2: Ground out 6-3 (Groundball, 6, EV 97.5 MPH)
|
Top of the 8th over - 0 runs, 0 hits, 0 errors, 0 left on base; Los Angeles (NYP) 1 - Aberdeen 4 |
BOTTOM OF THE 8TH |
Aberdeen Ironbirds batting - Pitching for Los Angeles (NYP) Angels : LHP Alex Pulido
|
Batting: RHB Lee Deason
|
0-0: Called Strike 0-1: Ball 1-1: Ball 2-1: Foul Ball, location: 2F 2-2: Strikes out swinging
|
Batting: SHB Tyler Myatt
|
0-0: Swinging Strike 0-1: Foul Ball, location: 2F 0-2: Ball 1-2: Ball 2-2: Foul Ball, location: 2F 2-2: Foul Ball, location: 2F 2-2: Strikes out swinging
|
Batting: RHB Mario Luna
|
0-0: Ball 1-0: Ball 2-0: Ball 3-0: Called Strike 3-1: Base on Balls
|
Batting: RHB Jordan Wallace
|
0-0: Ball 1-0: Foul Ball, location: 2F 1-1: Swinging Strike 1-2: Ball 2-2: Ball 3-2: Base on Balls Mario Luna to second
|
Pitching: RHP Joe Schuler
|
|
Batting: LHB Tim Mulholland
|
0-0: Called Strike 0-1: Ball 1-1: Ground out 4-3 (Groundball, 4, EV 88.8 MPH)
|
Bottom of the 8th over - 0 runs, 0 hits, 0 errors, 2 left on base; Los Angeles (NYP) 1 - Aberdeen 4 |
TOP OF THE 9TH |
Los Angeles (NYP) Angels batting - Pitching for Aberdeen Ironbirds : LHP Randy Adams
|
Pitching: LHP Randall Rennie
|
|
Batting: SHB Conor Davies
|
0-0: Called Strike 0-1: Ball 1-1: SINGLE (Flyball, 78S, EV 93.8 MPH)
|
Batting: RHB John Beddow
|
0-0: Called Strike 0-1: Ball 1-1: Ball 2-1: Foul Ball, location: 2F 2-2: Strikes out swinging
|
Batting: RHB Tsega Haida
|
0-0: Swinging Strike 0-1: Fielders Choice at 2nd, 5-4 (Groundball, 5S, EV 85.0 MPH)
|
Batting: RHB Jason Habeck
|
0-0: Ball 1-0: Foul Ball, location: 2F 1-1: Ball 2-1: Ball 3-1: Swinging Strike 3-2: Strikes out swinging
|
Top of the 9th over - 0 runs, 1 hit, 0 errors, 1 left on base; Los Angeles (NYP) 1 - Aberdeen 4 |
|